[ AOE2 MATCH · #513807229 ]
UnrankedJapanese vs Burgundians
Player's team · WIN
[ REPLAY ANALYSIS · EXTRACTED FROM THE RECORDED GAME ]
Feudal
9:18
Castle
24:53
Imperial
—
| APM avg | 100.0 |
| APM peak | 166 |
| eAPM avg | 56.1 |
| Villagers / military | 101 / 66 |
Focus
⚔️ 61.7% · 🌾 38.3%
Militia ×49 · Skirmisher ×14 · Battering Ram ×3
Feudal
8:52
Castle
28:16
Imperial
—
| APM avg | 65.7 |
| APM peak | 95 |
| eAPM avg | 38.0 |
| Villagers / military | 71 / 52 |
Focus
⚔️ 42.6% · 🌾 57.4%
Flemish Militia ×30 · Skirmisher ×21 · Spearman ×1
Match map
Initial resources + every placement click. Lines = walls · curves = elevation contours. ◆ gold · ⬟ stone · ● berries · ✦ relic · ◌ wall gap
Your base· Open — 6t gap
CNZS_迷你车仁's base· Open — 3t gap
Smoothed initial terrain · ◌ = detected wall gap · hover for details
Inputs per minute
— VL Aveee - - CNZS_迷你车仁
Build order — VL Aveee
First 150 of 276 actions detected
| 0:01 | Queue | Villager (Male) |
| 0:02 | Build | House |
| 0:02 | Queue | Villager (Male) |
| 0:03 | Build | House |
| 0:05 | Queue | Villager (Male) |
| 0:16 | Queue | Villager (Male) |
| 0:16 | Queue | Villager (Male) |
| 1:25 | Queue | Villager (Male) |
| 1:25 | Queue | Villager (Male) |
| 1:55 | Build | Lumber Camp |
| 2:02 | Queue | Villager (Male) |
| 2:02 | Queue | Villager (Male) |
| 2:15 | Queue | Villager (Male) |
| 2:15 | Queue | Villager (Male) |
| 2:45 | Queue | Villager (Male) |
| 2:46 | Queue | Villager (Male) |
| 3:09 | Queue | Villager (Male) |
| 3:10 | Queue | Villager (Male) |
| 3:45 | Queue | Villager (Male) |
| 3:45 | Queue | Villager (Male) |
| 3:45 | Queue | Villager (Male) |
| 3:46 | Queue | Villager (Male) |
| 4:13 | Build | House |
| 4:19 | Queue | Villager (Male) |
| 4:19 | Queue | Villager (Male) |
| 4:45 | Queue | Villager (Male) |
| 4:46 | Queue | Villager (Male) |
| 4:51 | Build | Barracks |
| 4:55 | Build | Barracks |
| 4:55 | Queue | Villager (Male) |
| 5:27 | Research | Loom |
| 6:01 | Build | House |
| 6:17 | Queue | Villager (Male) |
| 6:43 | Queue | Villager (Male) |
| 6:43 | Queue | Villager (Male) |
| 6:43 | Queue | Villager (Male) |
| 6:44 | Queue | Villager (Male) |
| 7:05 | Research | Feudal Age |
| 7:10 | Build | Mill |
| 7:38 | Queue | Militia |
| 7:39 | Queue | Militia |
| 7:39 | Queue | Militia |
| 8:12 | Queue | Militia |
| 8:42 | Build | House |
| 8:54 | Queue | Villager (Male) |
| 9:18 | Age | Feudal Age |
| 9:21 | Research | Man-at-Arms (upgrade) |
| 9:21 | Research | Man-at-Arms (upgrade) |
| 9:22 | Research | Double-Bit Axe |
| 9:22 | Research | Double-Bit Axe |
| 9:23 | Queue | Villager (Male) |
| 9:26 | Build | Archery Range |
| 10:00 | Queue | Villager (Male) |
| 10:26 | Queue | Villager (Male) |
| 10:28 | Queue | Villager (Male) |
| 10:33 | Queue | Villager (Male) |
| 10:35 | Build | Farm |
| 10:35 | Build | Farm |
| 10:35 | Build | Farm |
| 10:35 | Build | Farm |
| 10:36 | Build | Farm |
| 10:41 | Queue | Villager (Male) |
| 10:55 | Queue | Skirmisher |
| 10:55 | Queue | Skirmisher |
| 10:57 | Queue | Skirmisher |
| 11:07 | Build | Farm |
| 11:12 | Queue | Villager (Male) |
| 11:14 | Queue | Skirmisher |
| 11:22 | Build | Farm |
| 11:30 | Build | House |
| 11:41 | Build | Mining Camp |
| 11:47 | Queue | Villager (Male) |
| 11:49 | Queue | Villager (Male) |
| 11:50 | Build | House |
| 11:54 | Build | House |
| 12:05 | Build | Farm |
| 12:14 | Queue | Skirmisher |
| 12:15 | Queue | Villager (Male) |
| 12:18 | Build | Palisade Wall |
| 12:24 | Queue | Skirmisher |
| 12:35 | Queue | Villager (Male) |
| 12:37 | Build | Palisade Wall |
| 12:43 | Queue | Skirmisher |
| 12:49 | Queue | Militia |
| 12:59 | Queue | Skirmisher |
| 13:02 | Build | Farm |
| 13:03 | Build | Farm |
| 13:04 | Queue | Villager (Male) |
| 13:11 | Queue | Skirmisher |
| 13:20 | Queue | Militia |
| 13:26 | Build | Farm |
| 13:26 | Queue | Villager (Male) |
| 13:29 | Build | House |
| 13:30 | Build | House |
| 13:34 | Queue | Skirmisher |
| 13:40 | Queue | Skirmisher |
| 13:42 | Queue | Militia |
| 13:49 | Queue | Villager (Male) |
| 13:53 | Queue | Villager (Male) |
| 14:16 | Queue | Militia |
| 14:18 | Queue | Villager (Male) |
| 14:20 | Build | House |
| 14:21 | Build | House |
| 14:38 | Build | Farm |
| 14:39 | Build | Farm |
| 14:43 | Queue | Militia |
| 14:48 | Queue | Villager (Male) |
| 14:51 | Build | Farm |
| 14:52 | Build | Farm |
| 14:54 | Build | Farm |
| 15:04 | Queue | Villager (Male) |
| 15:28 | Queue | Militia |
| 15:28 | Queue | Militia |
| 15:32 | Queue | Villager (Male) |
| 16:00 | Queue | Skirmisher |
| 16:01 | Queue | Skirmisher |
| 16:02 | Queue | Militia |
| 16:02 | Queue | Militia |
| 16:04 | Queue | Villager (Male) |
| 16:11 | Queue | Villager (Male) |
| 16:13 | Build | Blacksmith |
| 16:16 | Queue | Skirmisher |
| 16:59 | Research | Arson |
| 16:59 | Research | Arson |
| 17:07 | Queue | Villager (Male) |
| 17:07 | Queue | Villager (Male) |
| 17:11 | Queue | Villager (Male) |
| 17:26 | Queue | Villager (Male) |
| 17:49 | Queue | Militia |
| 17:50 | Queue | Villager (Male) |
| 17:53 | Queue | Villager (Male) |
| 17:54 | Queue | Villager (Male) |
| 17:55 | Build | House |
| 17:57 | Build | House |
| 17:59 | Build | House |
| 18:01 | Build | House |
| 18:01 | Queue | Villager (Male) |
| 18:04 | Queue | Militia |
| 18:07 | Research | Scale Mail Armor |
| 18:07 | Research | Scale Mail Armor |
| 18:14 | Queue | Villager (Male) |
| 18:19 | Queue | Militia |
| 18:25 | Build | Lumber Camp |
| 18:51 | Queue | Villager (Male) |
| 18:56 | Queue | Militia |
| 18:56 | Queue | Militia |
| 18:59 | Queue | Villager (Male) |
| 18:59 | Queue | Villager (Male) |
| 19:02 | Build | Mining Camp |
| 19:12 | Queue | Villager (Male) |
Build order — CNZS_迷你车仁
First 150 of 248 actions detected
| 0:00 | Queue | Villager (Male) |
| 0:01 | Build | House |
| 0:02 | Build | House |
| 0:06 | Queue | Villager (Male) |
| 0:06 | Queue | Villager (Male) |
| 0:06 | Queue | Villager (Male) |
| 0:06 | Queue | Villager (Male) |
| 1:26 | Queue | Villager (Male) |
| 1:26 | Queue | Villager (Male) |
| 1:49 | Queue | Villager (Male) |
| 1:49 | Queue | Villager (Male) |
| 1:57 | Build | Lumber Camp |
| 2:17 | Queue | Villager (Male) |
| 2:17 | Queue | Villager (Male) |
| 2:43 | Queue | Villager (Male) |
| 2:43 | Queue | Villager (Male) |
| 2:56 | Queue | Villager (Male) |
| 3:26 | Research | Double-Bit Axe |
| 3:27 | Research | Double-Bit Axe |
| 3:27 | Research | Double-Bit Axe |
| 3:40 | Build | House |
| 3:47 | Queue | Villager (Male) |
| 3:47 | Queue | Villager (Male) |
| 4:08 | Queue | Villager (Male) |
| 4:08 | Queue | Villager (Male) |
| 4:15 | Build | House |
| 4:32 | Queue | Villager (Male) |
| 4:32 | Queue | Villager (Male) |
| 4:58 | Queue | Villager (Male) |
| 5:15 | Queue | Villager (Male) |
| 5:15 | Queue | Villager (Male) |
| 5:20 | Queue | Villager (Male) |
| 5:30 | Build | Mill |
| 6:16 | Research | Loom |
| 6:39 | Research | Feudal Age |
| 7:12 | Build | Mining Camp |
| 7:34 | Research | Horse Collar |
| 7:53 | Build | Palisade Wall |
| 7:54 | Build | Palisade Wall |
| 8:27 | Queue | Villager (Male) |
| 8:27 | Queue | Villager (Male) |
| 8:36 | Build | Barracks |
| 8:42 | Queue | Villager (Male) |
| 8:48 | Build | Palisade Wall |
| 8:52 | Age | Feudal Age |
| 9:03 | Build | Palisade Wall |
| 9:10 | Queue | Villager (Male) |
| 9:25 | Queue | Flemish Militia |
| 9:25 | Queue | Flemish Militia |
| 9:25 | Queue | Flemish Militia |
| 9:30 | Research | Bow Saw |
| 9:30 | Research | Bow Saw |
| 9:33 | Queue | Villager (Male) |
| 9:44 | Queue | Flemish Militia |
| 9:45 | Queue | Flemish Militia |
| 9:45 | Queue | Flemish Militia |
| 10:22 | Queue | Villager (Male) |
| 10:27 | Queue | Villager (Male) |
| 10:35 | Build | Archery Range |
| 10:52 | Queue | Flemish Militia |
| 10:52 | Queue | Flemish Militia |
| 11:05 | Build | Farm |
| 11:07 | Build | Farm |
| 11:16 | Build | Farm |
| 11:17 | Build | Farm |
| 11:19 | Build | Farm |
| 11:21 | Build | Farm |
| 11:21 | Build | Farm |
| 11:27 | Queue | Villager (Male) |
| 11:36 | Build | Farm |
| 11:40 | Build | Farm |
| 11:46 | Build | House |
| 11:51 | Queue | Villager (Male) |
| 11:51 | Queue | Villager (Male) |
| 12:07 | Build | Farm |
| 12:09 | Build | Farm |
| 12:16 | Queue | Skirmisher |
| 12:16 | Queue | Skirmisher |
| 12:28 | Queue | Flemish Militia |
| 12:29 | Queue | Flemish Militia |
| 12:33 | Queue | Villager (Male) |
| 12:33 | Queue | Villager (Male) |
| 12:35 | Build | House |
| 12:45 | Build | Farm |
| 12:48 | Queue | Skirmisher |
| 12:49 | Queue | Skirmisher |
| 12:56 | Build | House |
| 13:02 | Queue | Villager (Male) |
| 13:03 | Queue | Villager (Male) |
| 13:10 | Queue | Skirmisher |
| 13:12 | Queue | Flemish Militia |
| 13:12 | Queue | Flemish Militia |
| 13:15 | Build | Farm |
| 13:28 | Queue | Flemish Militia |
| 13:34 | Queue | Villager (Male) |
| 13:35 | Build | House |
| 13:45 | Queue | Spearman |
| 14:05 | Research | Gold Mining |
| 14:06 | Queue | Skirmisher |
| 14:08 | Build | House |
| 14:16 | Queue | Villager (Male) |
| 14:20 | Build | House |
| 14:25 | Queue | Villager (Male) |
| 14:26 | Queue | Skirmisher |
| 14:27 | Queue | Skirmisher |
| 14:30 | Build | House |
| 14:34 | Queue | Skirmisher |
| 14:48 | Build | Blacksmith |
| 14:51 | Build | Palisade Wall |
| 14:56 | Queue | Villager (Male) |
| 15:03 | Queue | Skirmisher |
| 15:04 | Queue | Skirmisher |
| 15:15 | Queue | Villager (Male) |
| 15:23 | Queue | Villager (Male) |
| 15:29 | Queue | Villager (Male) |
| 15:31 | Build | Farm |
| 15:44 | Build | Farm |
| 15:50 | Queue | Skirmisher |
| 15:54 | Queue | Villager (Male) |
| 15:58 | Research | Fletching |
| 15:58 | Research | Fletching |
| 16:01 | Queue | Flemish Militia |
| 16:01 | Queue | Flemish Militia |
| 16:01 | Queue | Flemish Militia |
| 16:08 | Build | Farm |
| 16:15 | Queue | Villager (Male) |
| 16:17 | Build | Farm |
| 16:25 | Queue | Villager (Male) |
| 16:33 | Research | Arson |
| 16:33 | Research | Arson |
| 16:44 | Queue | Skirmisher |
| 16:45 | Queue | Skirmisher |
| 16:45 | Queue | Skirmisher |
| 16:55 | Build | Farm |
| 16:58 | Queue | Villager (Male) |
| 17:07 | Build | Watch Tower |
| 17:16 | Queue | Villager (Male) |
| 17:22 | Build | Gate |
| 17:40 | Queue | Skirmisher |
| 17:40 | Queue | Skirmisher |
| 17:51 | Queue | Villager (Male) |
| 17:55 | Build | Palisade Wall |
| 18:00 | Queue | Villager (Male) |
| 18:02 | Queue | Villager (Male) |
| 18:04 | Build | House |
| 18:21 | Queue | Flemish Militia |
| 18:21 | Queue | Flemish Militia |
| 18:21 | Queue | Flemish Militia |
| 18:21 | Queue | Flemish Militia |
| 18:22 | Research | Scale Mail Armor |
Match timeline
| 4:51 | VL Aveee · first_building Barracks |
| 7:53 | CNZS_迷你车仁 · wall_segment Palisade Wall x5 |
| 7:54 | CNZS_迷你车仁 · wall_segment Palisade Wall x1 |
| 8:36 | CNZS_迷你车仁 · first_building Barracks |
| 8:48 | CNZS_迷你车仁 · wall_segment Palisade Wall x1 |
| 8:52 | CNZS_迷你车仁 · age_up feudal |
| 9:03 | CNZS_迷你车仁 · wall_segment Palisade Wall x8 |
| 9:18 | VL Aveee · age_up feudal |
| 9:26 | VL Aveee · first_building Archery Range |
| 10:35 | CNZS_迷你车仁 · first_building Archery Range |
| 12:18 | VL Aveee · wall_segment Palisade Wall x2 |
| 12:37 | VL Aveee · wall_segment Palisade Wall x1 |
| 14:51 | CNZS_迷你车仁 · wall_segment Palisade Wall x5 |
| 17:55 | CNZS_迷你车仁 · wall_segment Palisade Wall x1 |
| 19:10 | CNZS_迷你车仁 · wall_segment Palisade Wall x1 |
| 19:12 | CNZS_迷你车仁 · wall_segment Palisade Wall x1 |
| 20:47 | CNZS_迷你车仁 · wall_segment Palisade Wall x6 |
| 21:12 | CNZS_迷你车仁 · wall_segment Palisade Wall x1 |
| 21:23 | CNZS_迷你车仁 · wall_segment Palisade Wall x1 |
| 21:25 | CNZS_迷你车仁 · wall_segment Palisade Wall x4 |
| 21:45 | CNZS_迷你车仁 · wall_segment Palisade Wall x1 |
| 22:08 | VL Aveee · first_market_sell 500 stone |
| 22:08 | VL Aveee · first_market_buy 100 food |
| 22:11 | CNZS_迷你车仁 · wall_segment Stone Wall x1 |
| 23:05 | VL Aveee · wall_segment Palisade Wall x1 |
| 23:07 | VL Aveee · wall_segment Palisade Wall x1 |
| 23:10 | VL Aveee · wall_segment Palisade Wall x1 |
| 23:15 | VL Aveee · wall_segment Palisade Wall x1 |
| 24:53 | VL Aveee · age_up castle |
| 25:28 | CNZS_迷你车仁 · first_market_buy 100 food |
| 25:29 | CNZS_迷你车仁 · first_market_sell 100 wood |
| 25:43 | VL Aveee · first_building Siege Workshop |
| 26:15 | CNZS_迷你车仁 · wall_segment Palisade Wall x1 |
| 27:10 | CNZS_迷你车仁 · wall_segment Stone Wall x1 |
| 27:25 | CNZS_迷你车仁 · wall_segment Stone Wall x1 |
| 27:26 | CNZS_迷你车仁 · wall_segment Stone Wall x1 |
| 28:16 | CNZS_迷你车仁 · age_up castle |
| 28:32 | CNZS_迷你车仁 · first_building Castle |
| 29:25 | CNZS_迷你车仁 · resign |
[ AI ANALYSIS · 1 CREDIT ]
What really happened in this match?
Wolo.gg analyzes every decision: build order, eco, micro, common mistakes by bracket. Personalized analysis on WhatsApp or Discord in 30 seconds.
Civ guide
Japanese
Perfil
Jugador #6773576